Map: Curious Minds LE

Players

Acidizer

  • Race: Zerg Zerg
  • League: Gold

bean - Winner!

  • Race: Terran Terran
  • League: Platinum

VOD

Have the link to the VOD?

Description

Time

  • Played on: Dec. 22, 2021, 9:18 p.m.
  • Length: 16:23
Show
View Real Time Build Order
Export as new Build Order

Acidizer Zerg 

Build Orders: Hatch First, Lurkers 

Get SALT Encoding   

  12  0:00  Drone  
  13  0:13  Overlord  
  13  0:18  Drone  
  14  0:31  Drone x2  
  16  0:39  Drone  
  17  0:56  Hatchery  
  16  1:10  Spawning Pool  
  15  1:12  Drone  
  15  1:15  Extractor  
  15  1:18  Drone  
  16  1:22  Extractor  
  16  1:23  Drone  
  16  1:26  Drone  
  17  1:40  Drone  
  18  1:59  Drone, Queen  
  22  2:03  Hatchery  
  22  2:06  Zergling x2  
  22  2:07  Overlord  
  22  2:10  Metabolic Boost  
  22  2:27  Zergling x2  
  23  2:31  Evolution Chamber  
  23  2:33  Zergling x2  
  23  2:37  Queen  
  23  2:44  Drone  
  26  2:50  Roach Warren  
  25  2:58  Zerg Melee Weapons Level 1  
  25  3:03  Drone x2  
  27  3:15  Drone  
  27  3:35  Spine Crawler  
  25  3:48  Hatchery  
  25  3:51  Drone x2, Baneling Nest  
  25  3:52  Zergling x2  
  25  4:09  Drone x4  
  29  4:18  Lair  
  29  4:22  Zergling x2  
  30  4:29  Overlord  
  30  4:37  Overlord x2  
  30  4:39  Baneling x2  
  30  4:40  Baneling x2  
  30  4:51  Overlord  
  30  5:02  Zergling x6  
  30  5:03  Zergling x2  
  30  5:04  Drone  
  35  5:14  Drone  
  35  5:18  Burrow  
  35  5:19  Drone x2  
  38  5:26  Zerg Melee Weapons Level 2  
  38  5:30  Spore Crawler  
  38  5:34  Spore Crawler  
  38  5:35  Drone x3  
  39  5:42  Centrifugal Hooks  
  40  6:00  Drone x5  
  40  6:03  Extractor  
  44  6:04  Extractor  
  44  6:08  Drone x2, Spore Crawler  
  44  6:12  Drone x2  
  44  6:15  Zergling x2  
  47  6:32  Pneumatized Carapace  
  47  6:33  Drone  
  47  6:34  Drone  
  47  6:36  Drone x3  
  52  6:45  Drone  
  53  6:50  Hatchery  
  52  7:04  Drone x2  
  52  7:05  Drone  
  52  7:06  Zergling x4  
  52  7:07  Zergling x4  
  52  7:08  Zergling x2  
  60  7:12  Overlord x2  
  60  7:14  Evolution Chamber  
  59  7:15  Drone  
  60  7:25  Baneling x3  
  60  7:26  Baneling  
  60  7:45  Queen  
  60  7:46  Drone x4  
  60  7:47  Drone x2  
  67  7:54  Zergling x12  
  67  7:56  Baneling x4  
  67  7:57  Baneling x4  
  67  7:58  Zerg Missile Weapons Level 1  
  73  8:02  Spine Crawler  
  73  8:04  Hydralisk Den  
  71  8:16  Baneling x4  
  68  8:41  Zerg Ground Armor Level 1  
  68  8:42  Lurker Den  
  68  8:44  Baneling x3  
  68  8:45  Baneling  
  60  9:23  Zergling x18  
  60  9:24  Zergling x2, Hydralisk x4  
  74  9:35  Overseer  
  74  9:42  Baneling x6  
  74  9:43  Baneling  
  73  10:17  Hydralisk, Hatchery  
  74  10:22  Infestation Pit  
  74  10:23  Zerg Missile Weapons Level 2  
  74  10:25  Lurker x2  
  74  10:27  Overlord x2  
  75  10:30  Baneling x5  
  75  10:40  Baneling  
  75  10:41  Baneling x12  
  75  10:57  Lurker x3  
  75  10:58  Hive  
  75  11:01  Overseer  
  78  11:11  Spore Crawler  
  78  11:13  Spore Crawler  
  76  11:22  Grooved Spines  
  76  11:26  Zerg Ground Armor Level 2  
  76  11:32  Spore Crawler  
  75  11:33  Queen  
  75  11:34  Drone  
  75  11:38  Zergling x2  
  75  11:39  Baneling x5, Zergling x30  
  81  12:08  Baneling x4  
  81  12:09  Baneling x2  
  81  12:17  Seismic Spines  
  81  12:19  Adrenal Glands  
  81  12:27  Drone x3  
  84  12:33  Muscular Augments  
  96  12:45  Zerg Melee Weapons Level 3  
  96  12:46  Overlord x4  
  96  12:47  Overlord  
  87  13:01  Zergling x2  
  87  13:02  Zergling x16  
  96  13:14  Adaptive Talons  
  105  13:29  Drone  
  105  13:30  Drone x4  
  103  14:00  Queen  
  102  14:06  Drone x6, Spore Crawler  
  102  14:07  Queen  
  109  14:10  Spore Crawler  
  109  14:11  Spine Crawler x2  
  103  14:37  Zergling x2  
  103  14:38  Zergling x14  
  100  14:39  Zergling x2  
  100  14:40  Zergling x8  
  94  14:48  Queen  
  77  14:56  Zergling x2  
  77  14:57  Baneling x6  
  77  14:58  Baneling x2  
  65  15:31  Zergling x6  
  62  15:42  Zergling x2  
  62  15:43  Zergling x4  
  41  15:58  Zergling x6  
Show
View Real Time Build Order
Export as new Build Order

bean Terran - Winner!

Build Orders:  

Get SALT Encoding   

  12  0:02  SCV  
  13  0:14  SCV  
  14  0:17  Supply Depot  
  14  0:26  SCV  
  15  0:39  SCV  
  15  0:42  Barracks  
  16  0:47  Refinery  
  16  0:51  SCV  
  17  1:03  SCV  
  18  1:15  SCV  
  19  1:29  Orbital Command  
  19  1:31  Barracks Reactor  
  19  1:55  SCV  
  20  2:07  SCV  
  21  2:08  Marine x2  
  21  2:10  Supply Depot  
  23  2:31  Command Center  
  23  2:32  SCV  
  23  2:41  Marine x2  
  25  2:57  SCV  
  25  2:58  Barracks  
  26  2:59  Marine x2  
  26  3:02  Supply Depot  
  28  3:09  SCV  
  29  3:17  Marine x2  
  31  3:30  SCV  
  31  3:33  Refinery  
  32  3:34  Marine x2  
  33  3:44  Orbital Command  
  33  3:46  SCV  
  34  3:52  Barracks Tech Lab  
  34  3:56  Barracks  
  34  3:58  SCV  
  35  4:05  Orbital Command  
  35  4:08  Marine x2  
  37  4:17  SCV  
  37  4:18  Factory  
  38  4:25  Marine  
  38  4:26  Marine  
  38  4:29  SCV  
  41  4:32  SCV  
  42  4:41  SCV  
  42  4:43  Marine  
  42  4:44  Marine, SCV  
  42  4:45  Bunker  
  46  4:50  Barracks Tech Lab  
  46  4:51  Stimpack  
  46  4:53  SCV  
  46  4:54  Marine  
  46  4:57  SCV  
  49  5:00  Supply Depot  
  49  5:01  Marine  
  49  5:02  Marine  
  49  5:05  Supply Depot, SCV  
  52  5:09  Factory Reactor, SCV  
  52  5:11  Marine  
  54  5:14  Starport  
  54  5:22  Marine, SCV x2  
  54  5:25  Engineering Bay  
  57  5:29  Marine x2  
  57  5:30  Marine  
  60  5:37  Supply Depot  
  60  5:39  Marine, SCV x2  
  60  5:40  Supply Depot  
  63  5:47  Marine x3  
  63  5:48  Combat Shield  
  63  5:49  Supply Depot  
  66  5:51  SCV, Terran Infantry Weapons Level 1  
  66  5:52  SCV  
  68  5:57  Marine  
  68  6:03  SCV  
  68  6:04  Supply Depot, SCV  
  71  6:07  Supply Depot  
  71  6:14  Marine x2  
  71  6:15  Marine x2, Refinery  
  71  6:16  Refinery, SCV x2  
  77  6:32  Marine x3  
  78  6:33  Marine, SCV  
  78  6:34  SCV  
  78  6:37  Factory Tech Lab  
  83  6:42  Command Center  
  82  6:49  Medivac x2  
  82  6:50  Marine x3  
  89  6:59  Barracks  
  89  7:02  Barracks  
  89  7:04  SCV x2  
  91  7:09  Marine x4  
  91  7:15  Siege Tank  
  98  7:16  SCV x2  
  98  7:20  Supply Depot  
  100  7:26  Marine  
  100  7:27  Marine, Marauder x2  
  100  7:29  Medivac x2  
  110  7:44  Marine x2  
  110  7:48  Marine  
  113  7:55  Marine  
  113  7:57  Siege Tank  
  117  8:02  Marine x2  
  117  8:06  Marine  
  118  8:16  Marine  
  119  8:20  Marine x2  
  119  8:24  Marine  
  122  8:29  Siege Tank  
  122  8:31  Medivac x2  
  119  8:34  Marine  
  119  8:35  Barracks Tech Lab  
  119  8:36  Barracks Reactor  
  119  8:38  Marine x2  
  122  8:42  Marine  
  123  8:52  Marine  
  124  8:55  Marine  
  124  8:56  Marine  
  124  9:01  Siege Tank  
  117  9:03  Marine  
  117  9:04  Marine  
  106  9:10  Marine  
  106  9:13  Marine x2  
  109  9:21  Marine x2  
  111  9:28  Marine  
  111  9:29  Marine x2  
  114  9:31  Marine x2  
  114  9:33  Siege Tank  
  114  9:35  SCV x2  
  114  9:38  Orbital Command  
  121  9:39  Marine x2  
  121  9:42  Engineering Bay  
  121  9:45  Armory, Marine  
  123  9:47  Marine x2, Supply Depot, SCV x2  
  123  9:49  Marine  
  129  9:57  Marauder  
  129  9:58  Marauder  
  133  10:09  Marauder  
  135  10:19  Marauder x2  
  139  10:27  Marine x2  
  141  10:41  Refinery  
  141  10:46  Refinery  
  141  10:59  Terran Infantry Weapons Level 2  
  141  11:00  Terran Infantry Armor Level 1  
  141  11:01  Medivac x2, Marine x6, Siege Tank, Marauder  
  156  11:06  Armory  
  156  11:08  Supply Depot  
  156  11:14  Supply Depot  
  156  11:18  Marine  
  156  11:24  Factory  
  157  11:26  SCV  
  157  11:27  SCV  
  157  11:31  Medivac  
  157  11:32  Supply Depot, Factory  
  161  11:33  Siege Tank  
  161  11:34  SCV  
  161  11:35  Marine x4  
  161  11:36  Marine x3  
  161  11:38  Medivac  
  161  11:39  SCV x2  
  163  11:54  Marauder x3, Supply Depot  
  163  11:58  Marine x4  
  159  12:12  Barracks  
  159  12:15  Marauder x3, Marine  
  165  12:16  Marine x3, Barracks  
  165  12:21  Barracks  
  169  12:25  Supply Depot  
  169  12:26  Factory Tech Lab  
  169  12:27  Factory Tech Lab  
  169  12:33  Marine  
  169  12:34  Marine  
  171  12:58  Marine x7  
  178  13:10  Barracks Reactor, Barracks Tech Lab  
  178  13:11  Barracks Reactor  
  178  13:15  Marine  
  178  13:16  Marine  
  178  13:18  Command Center  
  180  13:21  Marine x3, Marauder x2  
  180  13:22  Siege Tank x3  
  196  13:33  Marine x2  
  198  13:39  Marine x4  
  196  13:42  Marine x2  
  198  13:53  Marine x3  
  198  13:54  Marine x2, Siege Tank  
  194  13:56  Marine  
  194  13:57  Marine x2, Siege Tank x2  
  188  14:26  Siege Tank  
  158  14:36  Marine x4  
  158  14:37  Marine x8  
  153  14:48  Planetary Fortress  
  150  14:53  Siege Tank  
  150  14:54  Marine x6, Siege Tank  
  150  14:55  Marine x6  
  150  14:56  Viking  
  150  14:58  Siege Tank  
  173  15:12  Marine  
  170  15:25  Siege Tank  
  170  15:26  Siege Tank  
  169  15:40  Marine  
  169  15:41  Marine x8  
  169  15:42  Marine  
  178  15:55  Refinery  
  177  15:58  Refinery  
Tags
 
Add a new tag
Caveats
  • Supply blocks, unpowered buildings, or Contaminate may cause inaccurate times.
  • Supply counts are checked every 10 seconds.